[Event "44th Chess Olympiad Women 2022"]
[Site "Chennai"]
[Date "2022.07.29"]
[Round "1.13"]
[White "Eizaguerri Floris, Maria"]
[Black "Arai, Yuki"]
[Result "1-0"]
[ECO "C91"]
[WhiteElo "2176"]
[BlackElo "1495"]
[Annotator "TA"]
[PlyCount "29"]
[EventDate "2022.07.29"]
[EventType "team-tourn"]
[EventCountry "IND"]
[SourceTitle "playchess.com"]
[Source "ChessBase"]
[SourceQuality "1"]
[WhiteTeam "Spain"]
[BlackTeam "Japan"]
[WhiteTeamCountry "ESP"]
[BlackTeamCountry "JPN"]
[TimeControl "40/5400+30:1800+30"]

1. e4 e5 2. Nf3 Nc6 3. Bb5 a6 4. Ba4 Nf6 5. O-O Be7 6. Re1 b5 7. Bb3 O-O 8. c3 d6 9. d4 Bg4 10. Be3 Na5 11. Bc2 Nc4 12. Bc1 c5 13. b3 {[%emt 0:03:11] C91: Closed Ruy Lopez: 7...d6 8 c3 0-0 9 d4.} Nb6 14. Be3 (14. dxe5 $14 {was preferrable.} Bxf3 15. Qxf3 dxe5 16. Nd2) 14... Qc7 {[%emt 0:03:57] [#]} 15. d5 $146 {[%emt 0:05:11][%mdl 32768] Loss on time!?} ({Predecessor:} 15. Nbd2 Rac8 16. d5 Rfe8 17. h3 Bxf3 18. Qxf3 Bf8 19. Nf1 Nbd7 20. g4 g6 21. Ng3 {1-0 (77) Bulski,K (2482)-Kvisvik,B (2175) Ballerup 2011}) 1-0

[Event "44th Chess Olympiad Women 2022"]
[Site "Chennai"]
[Date "2022.07.29"]
[Round "1.13"]
[White "Misawa, Yuki"]
[Black "Calzetta Ruiz, Monica"]
[Result "0-1"]
[ECO "A48"]
[WhiteElo "1587"]
[BlackElo "2230"]
[Annotator "TA"]
[PlyCount "66"]
[EventDate "2022.07.29"]
[EventType "team-tourn"]
[EventCountry "IND"]
[SourceTitle "playchess.com"]
[Source "ChessBase"]
[SourceQuality "1"]
[WhiteTeam "Japan"]
[BlackTeam "Spain"]
[WhiteTeamCountry "JPN"]
[BlackTeamCountry "ESP"]
[TimeControl "40/5400+30:1800+30"]

1. d4 Nf6 2. Nf3 c5 3. c3 g6 4. Bf4 Bg7 5. e3 O-O 6. Be2 d6 7. h3 Qb6 8. Qb3 Be6 {[%emt 0:00:17] A48: 1 d4 Nf6 2 Nf3 g6: Torre, London and Colle Systems.} 9. Qxb6 {[%emt 0:11:33] 9.Qa3 is the fancy move.} axb6 10. Na3 (10. a3 $11) 10... Nd5 $17 {[%emt 0:02:14][%cal Od5c3] Hoping for ...Nxc3! Black is better.} 11. Bh2 {[%emt 0:05:07] [#]} (11. Nc2 $17 {is a better defense.}) 11... Nxc3 $1 $19 {[%emt 0:08:04][%mdl 512] [#]} 12. bxc3 $146 ({Predecessor:} 12. Bc4 d5 13. Bd3 Nc6 14. O-O Ne4 15. Nb5 Nb4 16. Bb1 Ra5 17. Nc7 Nd6 18. Nxe6 fxe6 {0-1 (49) Dovzhenko,V (2069)-Scrimgour,A (2059) Prague 2020}) 12... Rxa3 13. Kd2 Nd7 (13... Rxa2+ 14. Rxa2 Bxa2 15. Bg3) 14. Ng5 (14. Ne1 {was necessary.}) 14... Rfa8 ({But not} 14... Bxa2 $2 15. Rhb1 $19) ({And not} 14... Rxa2+ 15. Rxa2 Bxa2 16. Ra1 $17) 15. Nxe6 Rxa2+ ({Inferior is} 15... fxe6 16. Rhc1 $17) 16. Rxa2 Rxa2+ 17. Kd3 fxe6 18. Bf3 (18. Bg4 $142 Kf7 19. Rb1) 18... b5 19. Rb1 c4+ 20. Ke4 Rxf2 {[%emt 0:00:26] [#] ( -> ...g5)} 21. Rxb5 (21. Kf4 $142 Nf6 22. Kg3) 21... Bh6 22. d5 e5 23. Bxe5 Nxe5 24. Rxb7 Kf7 {[%emt 0:02:05] aiming for ...Rc2.} 25. Rb8 Rc2 26. Kd4 Rd2+ 27. Ke4 Nd7 28. Bg4 Nxb8 29. Be6+ Ke8 {[%emt 0:00:25] Black mates.} 30. g4 Nd7 31. Bg8 Nf6+ 32. Kf3 Nxg8 33. h4 Rxd5 {[%emt 0:00:34] White got outplayed after the opening.  Weighted Error Value: White=1.19/Black=0.14 (very precise)} 0-1

[Event "44th Chess Olympiad Women 2022"]
[Site "Chennai"]
[Date "2022.07.29"]
[Round "1.14"]
[White "Ordaz Valdes, Lisandra Teresa"]
[Black "Nakabo, Peninah"]
[Result "1-0"]
[ECO "D64"]
[WhiteElo "2367"]
[BlackElo "1747"]
[Annotator "TA"]
[PlyCount "93"]
[EventDate "2022.07.29"]
[EventType "team-tourn"]
[EventCountry "IND"]
[SourceTitle "playchess.com"]
[Source "ChessBase"]
[SourceQuality "1"]
[WhiteTeam "Cuba"]
[BlackTeam "Uganda"]
[WhiteTeamCountry "CUB"]
[BlackTeamCountry "UGA"]
[TimeControl "40/5400+30:1800+30"]

1. d4 e6 2. c4 d5 3. Nc3 Be7 4. Nf3 Nf6 5. Bg5 O-O 6. e3 Nbd7 7. Rc1 c6 8. Qc2 h6 9. Bh4 a6 {[%emt 0:13:34] 9...b6 gains popularity.} 10. a3 {[%emt 0:06:31] [#] D64: Queen's Gambit Declined: Classical: 7 Rc1 c6 8 Qc2.} Ne8 $146 ({Predecessor:} 10... b6 11. Bd3 Bb7 12. O-O c5 13. Bg3 dxc4 14. Bxc4 Bxf3 15. gxf3 b5 16. Ba2 cxd4 17. exd4 Nb6 18. Qd3 Rc8 19. Ne4 Qd7 20. Bb1 Rfd8 21. Rcd1 g6 22. Kh1 {½-½ (22) Sasikiran,K (2661)-Zvjaginsev,V (2674) Khanty-Mansiysk 2007}) 11. Bg3 Nd6 12. cxd5 {[%emt 0:06:49] The position is equal.} exd5 13. Bd3 Nb6 14. O-O Ndc4 15. a4 Bg4 16. b3 Bxf3 (16... Nd6 $142) 17. bxc4 $16 {[%emt 0:00:47] c5 is the strong threat.} ({Resist} 17. gxf3 $6 Nd6 $14) 17... Bg4 {[%emt 0:00:22] [#]} 18. c5 Nd7 19. Rb1 {[%emt 0:03:12] White is more active.} Ra7 20. f4 Bh4 (20... b6 $16) 21. Bxh4 $18 Qxh4 {[%emt 0:00:16] [#]} 22. f5 $1 f6 $2 (22... Nf6 {is a better defense.} 23. Qf2 Qg5) 23. Rf4 Qg5 24. Qf2 h5 25. Qg3 ({Don't take} 25. e4 Ne5 $18) 25... Re8 26. h3 Bxf5 27. Qxg5 {[%emt 0:00:17][%mdl 64] Remove Defender} fxg5 28. Rxf5 Rxe3 29. Rf3 Rxf3 30. gxf3 Kf7 31. Bf5 Nf8 32. Bc8 Ne6 33. Bxe6+ Kxe6 {[%emt 0:00:09][%mdl 4096] Endgame KRN-KR} 34. Re1+ Kf6 (34... Kf7 {was called for.} 35. Rb1 Kf6) 35. Re8 Kf7 36. Rb8 {[%emt 0:00:11] And now a5 would win.} Ke6 37. a5 Kf5 38. Kf2 g4 39. fxg4+ hxg4 40. h4 g6 41. Kg3 b5 42. cxb6 {[%emt 0:01:18] White mates.} Re7 43. Rf8+ Ke6 44. Na4 Kd6 45. Rd8+ Ke6 46. Nc5+ Kf7 47. Rd7 {[%emt 0:00:10] Black did not feel at home in the position after the opening.  Weighted Error Value: White=0.07 (flawless) /Black=0.54} 1-0

[Event "44th Chess Olympiad Women 2022"]
[Site "Chennai"]
[Date "2022.07.29"]
[Round "1.14"]
[White "Ampaire Shakira"]
[Black "Miranda Llanes, Yerisbel"]
[Result "0-1"]
[ECO "C68"]
[WhiteElo "1666"]
[BlackElo "2347"]
[Annotator "TA"]
[PlyCount "74"]
[EventDate "2022.07.29"]
[EventType "team-tourn"]
[EventCountry "IND"]
[SourceTitle "playchess.com"]
[Source "ChessBase"]
[SourceQuality "1"]
[WhiteTeam "Uganda"]
[BlackTeam "Cuba"]
[WhiteTeamCountry "UGA"]
[BlackTeamCountry "CUB"]
[TimeControl "40/5400+30:1800+30"]

1. e4 e5 2. Nf3 Nc6 3. Bb5 a6 4. Bxc6 dxc6 5. O-O Bd6 6. d4 exd4 7. Qxd4 f6 $1 8. Nc3 {[%emt 0:16:01] C68: Ruy Lopez: Exchange Variation, sidelines.} Ne7 9. e5 fxe5 10. Nxe5 {[%emt 0:01:09] [#] The position is equal.} O-O $146 ({Predecessor:} 10... c5 11. Qf4 Bf5 12. Re1 Qc8 13. Ne4 O-O 14. Nxd6 cxd6 15. Nc4 Nd5 16. Qg3 Bxc2 17. b3 Rf6 18. Bg5 Rg6 19. Rac1 Qf5 20. h4 h6 21. Nxd6 Qd3 22. Qxd3 Bxd3 {0-1 (22) Deac,B (2625)-Fedoseev,V (2678) Chess.com INT 2020}) 11. Qc4+ Nd5 $1 12. Nxd5 {[%emt 0:01:15] Threatening mate with Ne7+.} Be6 13. Nxc6 bxc6 14. Qxc6 {[%emt 0:01:34][%cal Od5f4] [#]} Kh8 (14... Qh4 $2 {[#]} 15. Bf4 $1 $18 ) (14... Bxh2+ $1 $15 {stays ahead.} 15. Kxh2 Bxd5) 15. f4 (15. g3 $16) 15... Bd7 $14 {[%emt 0:06:38] This bishop pair is nice.} 16. Qc3 c6 17. Nb4 {[%emt 0:00:49] This move loses the game for White.} (17. Ne3 $14 {is the one way to stay ahead.}) 17... Qb6+ $19 18. Be3 Qxb4 19. Qd3 (19. Qxb4 $142 Bxb4 20. a3) 19... Bf5 20. Qb3 Rfe8 21. Rae1 Qxb3 {[%emt 0:00:41] Black is clearly winning.} 22. cxb3 Bb4 23. Kf2 Bxe1+ 24. Rxe1 Rad8 25. h3 Kg8 26. g4 Be4 27. Rc1 Rd3 28. Rc3 Rxc3 29. bxc3 {[%emt 0:03:09] [#]} Bg2 $1 30. h4 Bh3 31. g5 Bg4 32. b4 Kf7 33. a4 Re4 34. a5 Bh5 {[%emt 0:02:02] And now ...Kg6 would win.} 35. Bb6 Rxf4+ 36. Ke3 Rxh4 37. Bd8 Bg6 {[%emt 0:00:36] Weighted Error Value: White=0.47/Black=0.13 (very precise)} 0-1

[Event "44th Chess Olympiad Women 2022"]
[Site "Chennai"]
[Date "2022.07.29"]
[Round "1.14"]
[White "Kawuma Patricia"]
[Black "Hernandez Gil, Ineymig"]
[Result "0-1"]
[ECO "B13"]
[WhiteElo "1653"]
[BlackElo "2234"]
[Annotator "TA"]
[PlyCount "110"]
[EventDate "2022.07.29"]
[EventType "team-tourn"]
[EventCountry "IND"]
[SourceTitle "playchess.com"]
[Source "ChessBase"]
[SourceQuality "1"]
[WhiteTeam "Uganda"]
[BlackTeam "Cuba"]
[WhiteTeamCountry "UGA"]
[BlackTeamCountry "CUB"]
[TimeControl "40/5400+30:1800+30"]

1. e4 c6 2. d4 d5 3. exd5 cxd5 4. Bd3 Nc6 5. c3 Nf6 6. h3 Ne4 {[%emt 0:03:23] B13: Caro-Kann: Exchange Variation and Panov-Botvinnik Attack.} 7. Nd2 Nd6 {[%emt 0:03:02] [#]} 8. Ngf3 $146 ({Predecessor:} 8. Qf3 e5 9. dxe5 Nxe5 10. Qe2 Qe7 11. Bc2 Bf5 12. Bxf5 Nxf5 13. Ngf3 Nd3+ 14. Kf1 Qxe2+ 15. Kxe2 {1-0 (53) Alekseev,E (2647)-Kovalenko,I (2663) Sochi 2019}) 8... Bf5 {[%emt 0:01:52] The position is equal.} 9. Bxf5 Nxf5 10. Nb3 e6 11. Bf4 Bd6 12. Bxd6 Qxd6 13. O-O O-O 14. Nc5 b6 15. Nd3 Rfc8 16. Qd2 Rab8 17. Qg5 h6 18. Qg4 Na5 19. Nf4 Nc4 20. Rab1 Qd8 21. Rfe1 Ncd6 22. Ne5 Rb7 23. Re2 Qg5 24. Qxg5 (24. Ra1 {is more complex.} a5 25. a4 Ne4 26. Nf3) 24... hxg5 25. Nfd3 Ne4 26. Nf3 Rbc7 27. Nd2 Ned6 28. Nf3 Ne4 29. Nd2 Nf6 30. Nf3 g4 31. hxg4 Nxg4 32. Nfe5 Nf6 ({Better is} 32... Nxe5 $11 33. Rxe5 g6) 33. Rbe1 (33. g4 $14 Nd6 34. Kg2) 33... Ne4 34. Ng4 g6 35. Ne3 Nfd6 36. f3 Ng3 37. Rc2 Kg7 38. Kf2 Ngf5 39. Nd1 (39. Nxf5+ $11 {keeps the balance.} Nxf5 40. Rcc1) 39... Nxd4 $1 $17 {[%emt 0:00:48] Black is more active.} 40. Rd2 {[%emt 0:00:54][%mdl 8192] [#] White does not recover from this.} (40. Rc1 $17) 40... Nc4 $19 41. Rde2 Nxe2 42. Rxe2 Kf6 43. Ne3 Nxe3 44. Rxe3 {[%emt 0:00:09][%mdl 4096] Endgame KRR-KRN} Rd8 45. Nc1 (45. Re2 $142) 45... d4 46. Rd3 {[%emt 0:00:00] [#]} dxc3 $1 47. Rxc3 Rxc3 48. bxc3 {[%emt 0:00:00] KR-KN} Rd2+ 49. Kg3 Rc2 50. Nb3 Rxa2 51. Kh2 a5 {[%emt 0:00:00][%cal Ba7a5,Ba5a4,Ba4a3,Ba3a2][%mdl 32] Black mates.} 52. Nd4 a4 53. Kg3 Rb2 54. Nc6 a3 55. Kf4 a2 {[%emt 0:00:00] Weighted Error Value: White=0.58/Black=0.09 (flawless)} 0-1

[Event "44th Chess Olympiad Women 2022"]
[Site "Chennai"]
[Date "2022.07.29"]
[Round "1.15"]
[White "Krasteva, Beloslava"]
[Black "Shaba, Linda Dalitso"]
[Result "1-0"]
[ECO "C02"]
[WhiteElo "2249"]
[BlackElo "1658"]
[Annotator "TA"]
[PlyCount "99"]
[EventDate "2022.07.29"]
[EventType "team-tourn"]
[EventCountry "IND"]
[SourceTitle "playchess.com"]
[Source "ChessBase"]
[SourceQuality "1"]
[WhiteTeam "Bulgaria"]
[BlackTeam "Zimbabwe"]
[WhiteTeamCountry "BUL"]
[BlackTeamCountry "ZIM"]
[TimeControl "40/5400+30:1800+30"]

1. d4 e6 2. e4 d5 3. e5 c5 4. c3 Nc6 5. Nf3 cxd4 6. cxd4 Qb6 7. a3 a5 {[%emt 0:03:31] C02: French: Advance Variation.} ({Black should try} 7... Nh6 $14) 8. Nc3 $16 Bd7 9. Be3 Nge7 {[%emt 0:01:40] [#] White is better.} (9... Qxb2 $2 10. Na4 Bb4+ 11. axb4 Qxb4+ 12. Bd2 $18) 10. Bd3 $1 {[%emt 0:02:00] White is more active.} Ng6 (10... Qxb2 $2 11. Na4 Qxa1 12. Qxa1 $18) 11. h4 h5 {[%emt 0:06:18] [#]} (11... Qxb2 $2 12. Na4 Qxa3 13. Rxa3 Bxa3 14. Nb6 Bb4+ 15. Kf1 $18) (11... h6 $16 12. Na4 Qd8) 12. Bxg6 $146 ({Predecessor:} 12. O-O Nge7 13. Rc1 Ng8 14. Na4 Qc7 15. Qb3 Be7 16. Nb6 {1-0 (46) Martinez Tormo,J (2182)-Pous Bargues,J (2115) Valencia 2009}) 12... fxg6 13. Qd2 (13. Ne2 $18) 13... Ne7 14. Ne2 Rc8 {[%emt 0:02:03] [#]} (14... Nf5 $16 {was necessary.}) 15. Nf4 ({Better is} 15. O-O $1 $18) 15... Rh6 (15... Qb5 $16 {was called for.} 16. Ng5 Nf5) 16. O-O $18 Nf5 17. Rac1 Rxc1 18. Rxc1 ({But not} 18. Qxc1 $6 Be7 $16) 18... Be7 19. Nh3 Rh8 20. Bg5 Rf8 21. Bxe7 Nxe7 22. Nf4 Rxf4 23. Qxf4 {[%emt 0:00:12] aiming for Qd2.} Qxb2 24. Qe3 Nf5 25. Qc3 Qb5 (25... Qxc3 {keeps fighting.} 26. Rxc3 Kd8) 26. g3 (26. Qc7 $142 Ke7 27. Rc5) 26... Qe2 $2 (26... Bc6 {might work better.} 27. Kg2 a4) 27. Re1 Qb5 28. Nd2 $2 (28. Qc7 $18 {is more deadly.}) 28... Qa4 $16 29. Nf3 $2 (29. Rb1 $16 Nxd4 30. Qd3) 29... Qb5 $18 {[%emt 0:01:03] White leaves nothing to chance now.} 30. Kg2 (30. Qc7 $142) 30... Qb6 (30... Bc6 $142 31. Qc2 Qc4) 31. Re2 {[%emt 0:02:30] Black must now prevent Rb2.} Bc6 32. Rb2 Qc7 33. Ng5 Kd7 34. Qc5 a4 35. Rb4 {[%emt 0:01:53] Strongly threatening Qf8. Chess con chili.} Qd8 {[%emt 0:01:01] Inhibits Qf8.} 36. Qc1 Qa5 37. f3 Qa6 38. Qd2 {[%emt 0:02:04] Inhibits Qe2+.} Qa8 39. Nh3 Ke7 (39... Qe8 {was worth a try.} 40. g4 Ne7) 40. Nf4 Qe8 41. Nd3 {[%emt 0:32:19] And now g4 would win.} Qa8 $2 (41... Kf7 42. Nc5 b5) 42. g4 {[%emt 0:05:51] White is clearly winning.} hxg4 43. fxg4 Nh6 44. Qg5+ Kf7 45. Nf4 Qc8 46. Qxg6+ Kg8 47. Nxe6 Qd7 48. Rb1 {[%emt 0:00:00] White wants to mate with Rf1.} Qf7 49. Qxf7+ Kxf7 50. Nd8+ {[%emt 0:00:00] Weighted Error Value: White=0.33/Black=0.47} 1-0

[Event "44th Chess Olympiad Women 2022"]
[Site "Chennai"]
[Date "2022.07.29"]
[Round "1.15"]
[White "Makwena, Christine"]
[Black "Antova, Gabriela"]
[Result "0-1"]
[ECO "D00"]
[WhiteElo "1609"]
[BlackElo "2275"]
[Annotator "TA"]
[PlyCount "82"]
[EventDate "2022.07.29"]
[EventType "team-tourn"]
[EventCountry "IND"]
[SourceTitle "playchess.com"]
[Source "ChessBase"]
[SourceQuality "1"]
[WhiteTeam "Zimbabwe"]
[BlackTeam "Bulgaria"]
[WhiteTeamCountry "ZIM"]
[BlackTeamCountry "BUL"]
[TimeControl "40/5400+30:1800+30"]

1. d4 d5 2. Bg5 f6 3. Bf4 Nc6 4. e3 e5 5. dxe5 fxe5 6. Bg3 {[%emt 0:00:09] D00: 1 d4 d5: Unusual lines.} Nf6 7. Bb5 Bd6 8. Nf3 {[%emt 0:04:28] Black is slightly better.} Bg4 {[%emt 0:05:42] [#] Strongly threatening ...e4.} 9. Be2 $146 ({Predecessor:} 9. h3 Bh5 10. Be2 e4 11. Nd4 Bxe2 12. Nxe2 Qd7 13. Bxd6 Qxd6 14. Nbc3 a6 15. Nd4 {0-1 (32) Murtas,P (1518)-Pitzanti,M (1598) Capoterra 2012}) 9... Qe7 10. c3 Qd7 (10... e4 $17 11. Nd4 Bxe2 12. Nxe2 Bxg3 13. Nxg3 O-O-O) 11. Nbd2 $15 O-O 12. O-O (12. e4 $5) 12... e4 13. Nd4 {[%emt 0:05:11] [#]} (13. Bxd6 $1 $15 Qxd6 14. Nd4) 13... Bxg3 $1 $17 14. fxg3 Ne5 15. Bxg4 (15. b4 $17 {was called for.}) 15... Nfxg4 $19 16. Qe2 c5 17. Nc2 Nd3 18. b3 Nf6 ({Better is} 18... Ngf2 19. Ne1 Rf7 20. Nxd3 exd3) 19. c4 (19. Rad1 $17 {was worth a try.}) 19... dxc4 20. Nxc4 b5 21. Nd2 Rad8 22. Rab1 (22. h3 $142) 22... Qe6 23. Rbd1 Rfe8 24. Nb1 Nd5 25. Qh5 a6 26. Qf5 (26. g4 {keeps fighting.}) 26... Qe7 {[%emt 0:02:39] Active counter play!} 27. Qg4 Rf8 28. Qe2 Qg5 29. Rxf8+ Rxf8 30. Rf1 Rxf1+ 31. Kxf1 (31. Qxf1 $142 Nxe3 32. Nxe3 Qxe3+ 33. Kh1) 31... Qf6+ 32. Kg1 Qb2 33. Qd1 h6 $40 {[%emt 0:03:35][%cal Od5e3][%mdl 128] aiming for ...Nxe3! White is in trouble.} 34. h3 Qf6 35. Qe2 c4 $2 (35... Qg5 $19 36. Ne1 c4 37. bxc4 bxc4) 36. bxc4 $11 bxc4 37. Nd2 Nc3 38. Qf1 ({White should play} 38. Qg4 $1 $11) 38... Qc6 (38... Qxf1+ $15 39. Kxf1 Ne5) 39. Nd4 Qc5 40. Qf5 $2 {[%emt 0:01:14][%mdl 8192] [#]} (40. Kh2 $11) 40... Ne2+ $1 $19 41. Nxe2 (41. Kh2 Qxf5) 41... Qxf5 {[%emt 0:00:04] Weighted Error Value: White=0.71/Black=0.24 (precise)} 0-1

[Event "44th Chess Olympiad Women 2022"]
[Site "Chennai"]
[Date "2022.07.29"]
[Round "1.16"]
[White "Sahithi Varshini M"]
[Black "Li, Joy Ching"]
[Result "1-0"]
[ECO "B23"]
[WhiteElo "2312"]
[BlackElo "1386"]
[Annotator "TA"]
[PlyCount "73"]
[EventDate "2022.07.29"]
[EventType "team-tourn"]
[EventCountry "IND"]
[SourceTitle "playchess.com"]
[Source "ChessBase"]
[SourceQuality "1"]
[WhiteTeam "India"]
[BlackTeam "Hong Kong"]
[WhiteTeamCountry "IND"]
[BlackTeamCountry "HKG"]
[TimeControl "40/5400+30:1800+30"]

1. e4 c5 2. Nc3 g6 3. f4 Bg7 4. Nf3 d6 5. Bc4 Nf6 6. O-O {[%emt 0:06:35] B23: Closed Sicilian: Lines without g3.} O-O 7. d3 a6 8. a4 {[%emt 0:06:32] The position is equal.} e6 9. e5 dxe5 10. Nxe5 {[%emt 0:11:44] [#]} Nd5 $146 ({Predecessor:} 10... Nbd7 11. Nf3 Nb6 12. Bb3 Qc7 13. Qe1 Nbd5 14. Ne5 Nxc3 15. Qxc3 Nd5 16. Qe1 b6 {0-1 (54) Turcan,M (2210)-Ridarcikova,V Sala 1994}) 11. Ne4 Qc7 12. Qe1 Nd7 13. Nxd7 (13. a5 $11) 13... Bxd7 $15 14. a5 (14. Qh4 {feels hotter.} b5 15. Bxd5 exd5 16. Nf6+) 14... Bb5 15. c3 Bxc4 16. dxc4 Nf6 17. Ng5 h6 18. Nf3 Nd7 19. Qh4 Kh7 20. Be3 e5 (20... Nf6 $11 {remains equal.}) 21. fxe5 {[%emt 0:04:19] White is more active.} Nxe5 22. Ng5+ (22. Nxe5 $16 Qxe5 23. Qf2) 22... Kg8 $11 23. Ne4 {[%emt 0:00:10][%csl LRc5,LRh6] And now Nf6+ would win.} g5 {[%emt 0:07:02] [#]} 24. Bxg5 {[%emt 0:02:58] Nf6+ is the strong threat.} hxg5 (24... f5 25. Nf6+) 25. Nxg5 Rfe8 26. Qh7+ Kf8 27. Rae1 {[%emt 0:00:06] aiming for Re3.} Re7 $2 {[%emt 0:01:37] [#]} (27... Ng4 $11) 28. h4 $2 (28. Re3 $1 $18 {[%cal Re3g3] Strongly threatening Rg3.} Rd8 29. Rg3) 28... Ng4 $2 {[%emt 0:01:33][%mdl 8192] [#] Black cannot hold the game after this.} (28... Rd8 $15 29. Re3 Rd6) 29. Rxf7+ $1 {[%emt 0:00:21][%mdl 576] Remove Defender, Deflection} Rxf7 30. Ne6+ Ke7 31. Nxc7+ {[%emt 0:00:16][%mdl 64] Discovered Attack} Kd7 32. Qg6 {[%emt 0:00:51] White mates.} Raf8 33. Ne6 Re7 34. Nxc5+ Kd8 35. Qd6+ Kc8 36. Rxe7 Rd8 37. Qc7# {[%emt 0:00:07] Weighted Error Value: White=0.25 (precise) /Black=0.63} 1-0

[Event "44th Chess Olympiad Women 2022"]
[Site "Chennai"]
[Date "2022.07.29"]
[Round "1.16"]
[White "Deng, Jing Xin Crystal"]
[Black "Nandhidhaa, P V"]
[Result "0-1"]
[ECO "A41"]
[WhiteElo "1914"]
[BlackElo "2312"]
[Annotator "TA"]
[PlyCount "58"]
[EventDate "2022.07.29"]
[EventType "team-tourn"]
[EventCountry "IND"]
[SourceTitle "playchess.com"]
[Source "ChessBase"]
[SourceQuality "1"]
[WhiteTeam "Hong Kong"]
[BlackTeam "India"]
[WhiteTeamCountry "HKG"]
[BlackTeamCountry "IND"]
[TimeControl "40/5400+30:1800+30"]

1. d4 d6 2. c4 e5 3. d5 f5 4. Nc3 Nf6 5. g3 Be7 6. Bg2 {[%emt 0:02:45] A41: 1 d4 d6: Tartakower System and Modern Defence.} a5 {[%emt 0:02:01] [#]} 7. a3 $146 ({Predecessor:} 7. Nf3 Na6 8. O-O O-O 9. a3 Nc5 10. Be3 Nce4 11. Nxe4 Nxe4 12. Ne1 Bg5 13. Bxg5 Qxg5 {0-1 (58) Salimova,N (2364)-Moroni,L (2575) Cap d'Agde 2021}) 7... O-O 8. Bg5 {[%emt 0:16:02] Black has an edge.} Nbd7 9. Nf3 Nc5 10. O-O a4 11. Be3 {[%emt 0:03:27] [#]} Nb3 12. Rb1 Bd7 13. Nd2 Nxd2 14. Bxd2 Qe8 15. b4 axb3 16. Qxb3 b6 17. Nb5 Bd8 18. Ra1 Qh5 (18... Ne4 $5 19. Be3 Qh5 $15) 19. Bf3 Ng4 20. Bxg4 Qxg4 21. f3 Qg6 22. a4 (22. Kh1 $15) 22... f4 $17 23. Kg2 e4 {[%emt 0:04:17] White must now prevent ...fxg3.} 24. Rh1 (24. Be1 $17 {was called for.}) 24... exf3+ 25. exf3 Bh4 26. Be1 Rae8 {[%emt 0:01:18] ( -> ...Re2+)} 27. Bf2 $2 (27. Qd1) 27... fxg3 28. Bxg3 Re2+ 29. Kf1 {[%emt 0:00:01] [#]} Rfe8 $1 {[%emt 0:00:34] Weighted Error Value: White=0.79/Black=0.19 (very precise)} 0-1

[Event "44th Chess Olympiad Women 2022"]
[Site "Chennai"]
[Date "2022.07.29"]
[Round "1.16"]
[White "Lam, Ka Yan"]
[Black "Pratyusha, Bodda"]
[Result "0-1"]
[ECO "B13"]
[WhiteElo "1223"]
[BlackElo "2310"]
[Annotator "TA"]
[PlyCount "64"]
[EventDate "2022.07.29"]
[EventType "team-tourn"]
[EventCountry "IND"]
[SourceTitle "playchess.com"]
[Source "ChessBase"]
[SourceQuality "1"]
[WhiteTeam "Hong Kong"]
[BlackTeam "India"]
[WhiteTeamCountry "HKG"]
[BlackTeamCountry "IND"]
[TimeControl "40/5400+30:1800+30"]

1. e4 c6 2. d4 d5 3. exd5 cxd5 4. Nc3 Nc6 5. Nf3 Nf6 6. Bb5 Bg4 7. Qd3 {[%emt 0:08:04] B13: Caro-Kann: Exchange Variation and Panov-Botvinnik Attack.} Bxf3 8. Qxf3 e6 9. O-O {[%emt 0:03:39] The position is equal.} a6 (9... Bd6 {with more complications.} 10. Bg5 h6 11. Bh4 O-O) 10. Bxc6+ bxc6 11. Bg5 Be7 {[%emt 0:00:24] [#]} 12. Bxf6 $146 (12. Na4 $11) ({Predecessor:} 12. Na4 Ne4 13. Bxe7 Qxe7 14. Qe3 Rb8 15. b3 Qf6 16. f3 Nd6 17. Qc3 O-O 18. Nc5 {1-0 (33) Solmaz,E (1078)-Yurdun,F (1225) Konya 2017}) 12... Bxf6 $15 13. Ne2 Qb6 14. Qb3 {[%emt 0:05:41] Black continues to play with concentration.} Bxd4 15. Nxd4 Qxd4 16. Qb7 O-O 17. Rfd1 (17. c3 $17 Qc5 18. Qc7) 17... Qc5 $19 {[%emt 0:01:06] aiming for ...Rfb8.} 18. b3 Ra7 ({And not} 18... Qxc2 19. Rdc1 Qb2 20. Qxc6 $17) 19. b4 Rxb7 20. bxc5 {[%emt 0:00:07][%mdl 4096] Endgame KRR-KRR} Rb5 21. Rab1 Rxc5 22. Rb2 Rb5 23. Rb3 Rfb8 24. f3 Kf8 25. Kf2 c5 26. Rc3 c4 27. Rd4 $2 {[%emt 0:00:36] [#]} (27. Ra3) 27... Rb2 28. a3 R8b3 29. Rxb3 cxb3 30. Ke1 Rxc2 {[%emt 0:00:31] [#] ( -> ...b2)} 31. Rd2 Ra2 32. Kd1 b2 {[%emt 0:00:12] Weighted Error Value: White=0.74/Black=0.02 (flawless)} 0-1